 Dungeon Crawl Stone Soup version 0.28-a0-1412-gf95308ed99 (webtiles) character file.

Game seed: 8840763145886584605

11986 Ijustatesigmund the Cleaver (level 11, 0/105 HPs)
             Began as a Hill Orc Fighter on Jan 7, 2022.
             Was a Priest of Cheibriados.
             Slain by a golden dragon skeleton (5 damage)
             ... led by a necromancer
             ... on level 3 of the Abyss.
             The game lasted 00:21:49 (11724 turns).

Ijustatesigmund the Cleaver (Hill Orc Fighter)     Turns: 11724, Time: 00:21:52

Health: 0/105      AC: 16    Str: 35    XL:     11   Next: 86%
Magic:  12/17      EV:  9    Int: 16    God:    Cheibriados [***...]
Gold:   294        SH:  7    Dex: 20    Spells: 10/10 levels left

rFire   + . .      SeeInvis .   a - +5 broad axe of Yfoysh {elec, Str+3 Dex+2}
rCold   . . .      Faith    .   c - +1 buckler
rNeg    . . .      Spirit   .   b - +1 plate armour {rF+}
rPois   +          Reflect  .   (no helmet)
rElec   .          Harm     .   x - +0 cloak
rCorr   .          Rampage  .   (no gloves)
Will    .....                   (no boots)
Stlth   ..........              (no amulet)
HPRegen 0.27/turn               g - ring of flight
MPRegen 0.15/turn               z - ring of poison resistance

@: flying, very slow
A: no striking features
a: Renounce Religion, Bend Time, Temporal Distortion


You were on level 3 of the Abyss.
You worshipped Cheibriados.
Cheibriados was most pleased with you.
You visited 2 branches of the dungeon, and saw 10 of its levels.
You visited the Abyss 1 time.
You also visited: Sewer and Bailey.

You collected 467 gold pieces.
You spent 173 gold pieces at shops.

Inventory:

Hand Weapons
 a - the +5 broad axe of Yfoysh (weapon) {elec, Str+3 Dex+2}
   (You acquired it on level 3 of the Dungeon)

   It occasionally discharges a powerful burst of electricity upon striking a
   foe.
   Str:       It affects your strength (+3).
   Dex:       It affects your dexterity (+2).
 j - a +2 war axe of electrocution
 w - a +0 flail of protection
 y - a +2 antimagic war axe
Armour
 b - a +1 plate armour of fire resistance (worn)
 c - a +1 buckler (worn)
 x - a +0 cloak (worn)
Jewellery
 f - a ring of see invisible
 g - a ring of flight (left hand)
 n - the ring "Rurulont" {rC+ rN+ Will- Int+2}
   (You took it off an orc wizard on level 7 of the Dungeon)

   [ring of protection from cold]

   Int:       It affects your intelligence (+2).
   rC:        It protects you from cold.
   rN:        It protects you from negative energy.
   Will:      It decreases your willpower.
 p - a ring of fire
 u - an amulet of guardian spirit
 z - a ring of poison resistance (right hand)
 A - a ring of ice
 B - a +6 ring of intelligence
Wands
 k - a wand of polymorph (14)
 l - a wand of digging (12)
 v - a wand of iceblast (2)
 C - a wand of flame (5)
Scrolls
 d - 2 scrolls of enchant armour
 h - a scroll of summoning
 m - a scroll of fog
 t - 2 scrolls of teleportation
 D - a scroll of brand weapon
Potions
 e - 2 potions of brilliance
 i - a potion of flight
 o - a potion of curing
 q - 2 potions of mutation
 r - 2 potions of lignification
 s - 2 potions of attraction


   Skills:
 + Level 12.3 Fighting
 + Level 13.9 Axes
 + Level 8.8 Armour
 - Level 2.4 Dodging
 - Level 6.0 Shields
 + Level 9.1 Invocations


You had 10 spell levels left.
You didn't know any spells.
Your spell library contained the following spells:

 Spells                   Type           Power      Damage    Failure   Level
 Confusing Touch          Hex            0%         N/A       99%         3
 Conjure Flame            Conj/Fire      0%         6-21      99%         3
 Ignite Poison            Fire/Tmut/Pois 0%         N/A       99%         3
 Sticky Flame             Conj/Fire      0%         2d3       100%        4
 Yara's Violent Unravell  Hex/Tmut       0%         3d3       100%        5
 Enfeeble                 Hex            0%         N/A       100%        7


Dungeon Overview and Level Annotations

Branches:
Dungeon (9/15)             Temple (1/1) D:5            Lair (0/6) D:9
  Sewer (visited)          Bailey (visited)
    Orc: D:9-12

Altars:
Ashenzari
Cheibriados
Dithmenos
Elyvilon
Fedhas
Gozag
Hepliaklqana
Kikubaaqudgha
Makhleb
Nemelex Xobeh
Okawaru
Qazlal
Ru
Sif Muna
Trog
Uskayaw
Vehumet
Wu Jian
Xom
Yredelemnul
Zin
The Shining One

Shops:
D:7 ?*   D:8 *   D:9 ?


Message History

You slice the spriggan defender skeleton!!
The spriggan defender skeleton hits you!
The necromancer hits you but does no damage.
You barely miss the necromancer.
The necromancer is almost dead.
You closely miss the spriggan defender skeleton.
The spriggan defender skeleton hits you.
The necromancer hits you but does no damage.
The spriggan defender skeleton hits you.
* * * LOW HITPOINT WARNING * * *
You slice the necromancer!!
You kill the necromancer!
Cheibriados appreciates the change of pace.
You slash the spriggan defender skeleton!
The spriggan defender skeleton hits you!
* * * LOW HITPOINT WARNING * * *
You feel better.
The spriggan defender skeleton misses you.
Activating: Slouch (3% risk of failure)
Press: ? - help, Dir - look around, f - activate You can feel time thicken for a moment.
You can no longer inflict damage on those overly hasty.
Cheibriados lowers the support of your attributes as your movement quickens.
The spriggan defender skeleton hits you!
* * * LOW HITPOINT WARNING * * *
The golden dragon skeleton bites you.
* * * LOW HITPOINT WARNING * * *
The golden dragon skeleton claws you.
* * * LOW HITPOINT WARNING * * *
The golden dragon skeleton tramples you but does no damage.
The spriggan defender skeleton closely misses you.
Okay, then.
You feel better.
The spriggan defender skeleton hits you but does no damage.
The golden dragon skeleton bites you.
* * * LOW HITPOINT WARNING * * *
The golden dragon skeleton claws you!
* * * LOW HITPOINT WARNING * * *
The golden dragon skeleton tramples you.
You die...

.#..##.# ..#..
.#.#....##....≈
#.........#...≈
...............
.........#...
.. #.#.....Z..
. .. ###....ZZ#
. .. #......@.#
.. ##..##.†## .
#........# . ..
..#......#.. #
.......... .
#.#......#. .#
...##.........
#.........#. .
##.. ... ......


You could see a golden dragon skeleton, a spriggan defender skeleton and an
ettin skeleton.

Vanquished Creatures
  A two-headed ogre (D:7)
  3 death yaks (D:8)
  A necromancer (Abyss:3)
  An orc knight (Bailey)
  Pikel (D:5)
  A cyclops (D:7)
  A kobold demonologist (D:7)
  A komodo dragon (D:8)
  3 trolls
  A meliai (D:8)
  A blink frog (shapeshifter) (Abyss:3)
  2 slime creatures (D:7)
  Prince Ribbit (D:7)
  Eustachio (D:4)
  A wyvern (D:9)
  A yak (D:7)
  A shadow (D:6)
  A steam dragon (D:9)
  Edmund (D:6)
  3 water moccasins
  2 sky beasts (D:6)
  13 orc warriors
  3 necrophages (D:8)
  3 ogres
  An ice beast (D:6)
  A hornet zombie (D:8)
  4 centaurs
  8 kobold brigands
  A gnoll sergeant (D:6)
  4 bullfrogs
  A wyvern zombie (D:8)
  2 scorpions
  A killer bee (D:8)
  3 wights
  3 howler monkeys
  8 centaur zombies
  2 jellies (D:8)
  6 hounds
  Crazy Yiuf (D:6)
  A human zombie (D:8)
  An orc priest (D:4)
  A bullfrog skeleton (D:5)
  2 iguanas
  2 orc wizards
  A hell rat (D:9)
  2 killer bee zombies
  2 mummies (D:8)
  5 gnolls (D:6)
  10 adders
  5 river rats
  2 white imps
  An ufetubus (D:6)
  2 worms
  4 dart slugs
  35 orcs
  9 ball pythons
  6 bats
  9 endoplasms
  3 giant cockroaches
  5 goblins
  3 hobgoblins
  9 jackals
  11 kobolds
  3 quokkas
  4 frilled lizards
  12 rats
  A spectral hobgoblin (D:3)
245 creatures vanquished.

Vanquished Creatures (others)
  33 plants (Sewer)
33 creatures vanquished.

Grand Total: 278 creatures vanquished

Notes
Turn   | Place    | Note
-------+----------+-------------------------------------------
     0 | D:1      | Ijustatesigmund the Hill Orc Fighter began the quest for
                  | the Orb.
     0 | D:1      | Reached XP level 1. HP: 19/19 MP: 1/1
    18 | D:1      | You fall into a shaft and drop 1 floor!
    34 | D:2      | Reached skill level 3 in Axes
    47 | D:2      | Reached XP level 2. HP: 23/27 MP: 2/2
   480 | D:1      | Reached skill level 4 in Axes
   533 | D:1      | Reached XP level 3. HP: 33/33 MP: 3/3
  1478 | D:2      | Reached skill level 5 in Axes
  1478 | D:2      | Reached XP level 4. HP: 40/40 MP: 4/4
  1697 | D:3      | Found a faded altar of an unknown god.
  1907 | D:3      | Identified a scroll of acquirement
  1907 | D:3      | Acquired the +5 broad axe of Yfoysh {elec, Str+3 Dex+2}
  1921 | D:3      | Noticed a scorpion
  1926 | D:3      | Killed a scorpion
  1927 | D:3      | Reached skill level 6 in Axes
  1927 | D:3      | Reached XP level 5. HP: 17/47 MP: 5/5
  1931 | D:3      | HP: 1/47 [poisoned by a scorpion]
  2426 | D:3      | Noticed an ogre
  2429 | D:3      | Killed an ogre
  2430 | D:3      | Reached skill level 5 in Fighting
  2430 | D:3      | Reached XP level 6. HP: 56/56 MP: 6/6
  2664 | D:4      | Reached skill level 7 in Axes
  2934 | D:4      | Noticed Eustachio
  2941 | D:4      | Killed Eustachio
  2942 | D:4      | Reached XP level 7. HP: 62/62 MP: 7/7
  3042 | D:4      | Found an iron altar of Okawaru.
  3045 | D:4      | Found a radiant altar of Vehumet.
  3046 | D:4      | Found a broken altar of Ashenzari.
  3046 | D:4      | Found a hide-covered altar of Uskayaw.
  3652 | D:5      | Entered Level 5 of the Dungeon
  3660 | D:5      | Reached skill level 8 in Axes
  3779 | D:5      | Found a staircase to the Ecumenical Temple.
  4069 | D:5      | Noticed Pikel
  4080 | D:5      | Killed Pikel
  4081 | D:5      | Reached skill level 9 in Axes
  4081 | D:5      | Reached skill level 5 in Armour
  4081 | D:5      | Reached XP level 8. HP: 54/73 MP: 8/8
  4222 | D:5      | Found a glowing drain.
  4227 | Sewer    | Entered a sewer
  5334 | D:6      | Identified the +3 robe "Fory" {Regen+ Int+2 Slay+3}
  5371 | D:6      | Reached skill level 10 in Axes
  5480 | D:6      | Reached XP level 9. HP: 82/82 MP: 9/9
  5683 | D:6      | Noticed Edmund
  5691 | D:6      | Killed Edmund
  6295 | D:6      | Found a runed translucent door.
  6296 | D:6      | Noticed Crazy Yiuf
  6301 | D:6      | Killed Crazy Yiuf
  6496 | Temple   | Entered the Ecumenical Temple
  6612 | Temple   | Became a worshipper of Cheibriados the Contemplative
  6720 | D:7      | Found Dazy's CLEARANCE SALE!.
  6723 | D:7      | Bought a potion of might for 24 gold pieces
  6758 | D:7      | Noticed Prince Ribbit
  6763 | D:7      | Killed Prince Ribbit
  6764 | D:7      | Reached skill level 11 in Axes
  6764 | D:7      | Reached skill level 1 in Invocations
  6808 | D:7      | Found Qifem's Magic Scroll Emporium.
  6811 | D:7      | Bought a scroll of teleportation for 30 gold pieces
  6811 | D:7      | Bought a scroll of identify for 20 gold pieces
  6811 | D:7      | Bought a scroll of enchant armour for 75 gold pieces
  7140 | D:7      | Noticed a two-headed ogre
  7145 | D:7      | Killed a two-headed ogre
  7146 | D:7      | Reached skill level 10 in Fighting
  7146 | D:7      | Reached skill level 5 in Shields
  7146 | D:7      | Reached XP level 10. HP: 88/93 MP: 11/13
  7251 | D:7      | Reached * piety under Cheibriados
  7367 | D:7      | Noticed a cyclops
  7367 | D:7      | Noticed a kobold demonologist
  7374 | D:7      | Killed a cyclops
  7375 | D:7      | Reached skill level 12 in Axes
  7375 | D:7      | Reached skill level 5 in Invocations
  7379 | D:7      | Killed a kobold demonologist
  7552 | D:7      | Identified the ring "Rurulont" {rC+ rN+ Will- Int+2}
  8288 | D:8      | Reached skill level 1 in Dodging
  8457 | D:8      | Found a flagged portal.
  8467 | Bailey   | Entered a bailey
  8588 | Bailey   | Reached ** piety under Cheibriados
  9376 | Bailey   | Reached XP level 11. HP: 80/102 MP: 16/16
  9500 | Bailey   | Noticed an orc knight
  9508 | Bailey   | Killed an orc knight
  9509 | Bailey   | Reached skill level 13 in Axes
  9947 | D:8      | Found an ancient bone altar of Kikubaaqudgha.
 10058 | D:8      | Found Mutov's General Store.
 10067 | D:8      | Bought a scroll of identify for 24 gold pieces
 10310 | D:8      | Reached *** piety under Cheibriados
 10649 | D:9      | Noticed a death yak
 10649 | D:9      | Noticed a death yak
 10649 | D:9      | Noticed a death yak
 10649 | D:9      | Found a staircase to the Lair.
 10656 | D:8      | Killed a death yak
 10729 | D:8      | Killed a death yak
 10749 | D:8      | Killed a death yak
 10997 | D:9      | Found a stormy altar of Qazlal.
 11147 | D:9      | Found Henguh's Magic Scroll Shop.
 11550 | D:9      | Reached **** piety under Cheibriados
 11599 | D:9      | Noticed a wizard
 11615 | D:9      | Cast into level 3 of the Abyss (a wizard)
 11715 | Abyss:3  | Noticed a necromancer
 11721 | Abyss:3  | Killed a necromancer
 11724 | Abyss:3  | HP: 5/105 [golden dragon skeleton[a necromancer] (10)]
 11724 | Abyss:3  | Slain by a golden dragon skeleton

Illustrated notes

Levels and vault maps discovered:
D:1:      wander_arrival_abandoned_jail, layout_rooms, minivault_25,
          st_stairs_12, glass_columns_a, minmay_stone_trees_large
D:2:      layout_loops_cross
D:3:      layout_rooms, dreamdust_ecumenical_altar_drowned_temple
D:4:      layout_basic, mainiacjoe_overflow_alcove_3,
          nicolae_elevator_lobby_plus, uniq_eustachio
D:5:      layout_loops_ring, minmay_temple_entry_waves, portal_sewer_entry_e,
          uniq_pikel
D:6:      minmay_evil_eye, layout_loops_ring, st_stairs_7, uniq_edmund,
          uniq_crazy_yiuf_cottage
D:7:      minmay_the_grid_plus_closed [minmay_the_grid_minigrid_small_alt,
          minmay_the_grid_x, minmay_the_grid_diamond_grid,
          minmay_the_grid_outer_diamond, minmay_the_grid_prize_shrinking_boxes],
          layout_layer_cave, serial_shops, nicolae_shop_behind_doors,
          nicolae_shop_clearance, uniq_prince_ribbit1
D:8:      layout_loops_ring, lemuel_mausoleum_altar_kikubaaqudgha,
          enter_bailey_2, serial_shops,
          nicolae_shop_competitors_out_of_business, st_stairs_9
D:9:      cheibrodos_fzero, layout_basic, lemuel_coloured_pillars_altar,
          dpeg_lair_monsters, serial_shops, shop
Temple:   minmay_temple_bridge_d
Abyss:3:  base: D:8, bh_abyss_exit_spiral,
          evilmike_nicolae_abyss_rune_containment_curve

Skill      XL: |  1  2  3  4  5  6  7  8  9 10 11 |
---------------+----------------------------------+-----
Axes           | 3 4 5 6 7 9 10 11 12 13 | 13.9
Fighting       | 4 5 7 8 10 11 12 | 12.3
Armour         | 5 6 7 8 |  8.8
Invocations    | 4 6 9 |  9.1
Shields        | 5 6 |  6.0
Dodging        | 1 2 |  2.4

Action                   |  1- 3 |  4- 6 |  7- 9 | 10-12 || total
-------------------------+-------+-------+-------+-------++-------
Melee: War axe           |   126 |    37 |       |       ||   163
       Broad axe         |       |    24 |   256 |   274 ||   554
Invok: Bend Time         |       |       |       |     2 ||     2
       Slouch            |       |       |       |     1 ||     1
Evoke: Wand              |       |       |       |     3 ||     3
  Use: Scroll            |     1 |     3 |    13 |     4 ||    21
       Potion            |       |     4 |       |     6 ||    10
 Stab: Invisible         |       |       |       |     2 ||     2
Armor: Scale mail        |    61 |    16 |       |       ||    77
       Chain mail        |       |       |   110 |    55 ||   165
       Plate armour      |       |       |       |    86 ||    86
Dodge: Dodged            |    60 |    20 |    68 |   136 ||   284
Block: Buckler           |    31 |    14 |    49 |   118 ||   212

Table legend: (Time is in decaauts)
 A = Elapsed time spent in this place.
 B = Non-inter-level travel time spent in this place.
 C = Inter-level travel time spent in this place.
 D = Time resting spent in this place.
 E = Time spent auto-exploring this place.
 F = Levels seen in this place.
 G = Mean time per level.
                   A        B        C        D        E       F      G
               +--------+--------+--------+--------+--------+-----+--------+
         Total |  12775 |  12384 |    391 |   2872 |   7465 |  13 |  982.7 |
       Dungeon |  10137 |   9774 |    363 |   1654 |   6686 |   9 | 1126.3 |
        Temple |    143 |    116 |     27 |      0 |     99 |   1 |  143.0 |
         Abyss |    111 |    111 |      0 |     46 |     49 |   1 |  111.0 |
         Sewer |    972 |    972 |      0 |    262 |    345 |   1 |  972.0 |
        Bailey |   1411 |   1411 |      0 |    910 |    285 |   1 | 1411.0 |
               +--------+--------+--------+--------+--------+-----+--------+

Top non-repeatable levels by time:
     D:7: 1776 daAuts
     D:8: 1728 daAuts
  Bailey: 1411 daAuts
     D:6: 1236 daAuts
     D:4: 1001 daAuts
     D:3: 989 daAuts
   Sewer: 972 daAuts
     D:9: 939 daAuts
     D:1: 885 daAuts
     D:2: 830 daAuts
     D:5: 749 daAuts
  Temple: 143 daAuts
 Abyss:3: 111 daAuts
